 Dungeon Crawl Stone Soup version 0.21.1-1-g345015f (webtiles) character file.

96 tidbits the Insei (level 4, -5/34 HPs)
             Began as a Gnoll Transmuter on June 20, 2018.
             Slain by an orc priest
             ... wielding a +0 falchion
              (10 damage)
             ... on level 4 of the Dungeon.
             The game lasted 00:04:19 (400 turns).

tidbits the Insei (Gnoll Transmuter)                 Turns: 400, Time: 00:04:19

Health: -5/34      AC:  2    Str: 17    XL:     4   Next: 67%
Magic:  3/11       EV: 23    Int: 16    God:
Gold:   47         SH:  0    Dex: 20    Spells: 7/13 levels left

rFire    . . .     SeeInvis .     - Unarmed
rCold    . . .     Gourm    .   (shield currently unavailable)
rNeg     . . .     Faith    .   (armour currently unavailable)
rPois    x         Spirit   .   (helmet currently unavailable)
rElec    .         Reflect  .   (cloak currently unavailable)
rCorr    .         Harm     .   (gloves currently unavailable)
MR       .....     Rnd*Tele +   (boots currently unavailable)
Stlth    ++........             (no amulet)
HPRegen  0.11/turn              l - +4 ring of strength
MPRegen  0.12/turn              q - ring of teleportation (curse)

@: spider-form
A: tiny, distributed training, strong nose
a: End Transformation


You were on level 4 of the Dungeon.
You were not hungry.
You were a venomous arachnid creature.
You visited 1 branch of the dungeon, and saw 4 of its levels.

You collected 47 gold pieces.

Inventory:

Hand Weapons
 n - a +0 dagger
Missiles
 a - 32 arrows
Armour
 b - a +0 robe (melded)
Jewellery
 l - a +4 ring of strength (left front leg)
   (You found it on level 3 of the Dungeon)
 q - a cursed ring of teleportation (right front leg)
   (You found it on level 3 of the Dungeon)
Scrolls
 h - a scroll of noise
 m - a scroll of enchant armour
 p - a scroll of fear
Potions
 e - 4 potions of brilliance {unknown}
 i - a potion of curing
 j - a potion of invisibility
 k - a potion of flight
Books
 c - a book of Changes

   Spells                             Type                      Level
   a - Beastly Appendage              Transmutation                1
   b - Sticks to Snakes               Transmutation                2
   c - Spider Form                    Transmutation/Poison         3
   d - Ice Form                       Ice/Transmutation            4
   e - Blade Hands                    Transmutation                5
Comestibles
 d - 4 rations


   Skills:
 + Level 2.8 Fighting
 + Level 1.2 Short Blades
 + Level 1.2 Long Blades
 + Level 1.2 Axes
 + Level 1.2 Maces & Flails
 + Level 1.2 Polearms
 + Level 1.2 Staves
 + Level 1.2 Slings
 + Level 1.2 Bows
 + Level 1.2 Crossbows
 + Level 1.2 Throwing
 + Level 1.2 Armour
 + Level 4.6 Dodging
 + Level 1.2 Stealth
 + Level 1.2 Shields
 + Level 6.6 Unarmed Combat
 + Level 5.1 Spellcasting
 + Level 1.0 Conjurations
 + Level 1.0 Hexes
 + Level 1.0 Charms
 + Level 1.0 Summonings
 + Level 1.0 Necromancy
 + Level 1.0 Translocations
 + Level 3.8 Transmutations
 + Level 1.0 Fire Magic
 + Level 1.0 Ice Magic
 + Level 1.0 Air Magic
 + Level 1.0 Earth Magic
 + Level 1.0 Poison Magic
 + Level 1.3 Invocations
 + Level 1.2 Evocations


You had 7 spell levels left.
You knew the following spells:

 Your Spells              Type           Power        Failure   Level  Hunger
e - Beastly Appendage     Tmut           ###...       11%         1    None
k - Sticks to Snakes      Tmut           ###.....     14%         2    #......
p - Spider Form           Tmut/Pois      ##........   36%         3    ###....


Dungeon Overview and Level Annotations

Branches:
Dungeon (4/15)
 Temple: D:4-7

Altars:

Annotations:
D:3 Ethylacetat's ghost, amateur DsMo


Innate Abilities, Weirdness & Mutations

Your experience applies equally to all skills.
((You have very sharp teeth.))
Your uncanny sense of smell can sniff out nearby items.


Message History

Your ball python grabs the bullfrog skeleton.
Your ball python constricts the bullfrog skeleton.
You hit the bullfrog skeleton.
The bullfrog skeleton is heavily damaged.
The bullfrog skeleton misses you.
Your ball python bites the bullfrog skeleton.
Your ball python constricts the bullfrog skeleton.
You hit the bullfrog skeleton.
The bullfrog skeleton is almost destroyed.
The bullfrog skeleton completely misses you.
Your ball python bites the bullfrog skeleton.
Your ball python constricts the bullfrog skeleton.
The bullfrog skeleton is destroyed!
Your Short Blades skill increases to level 1!
Your Long Blades skill increases to level 1!
Your Axes skill increases to level 1!
Your Maces & Flails skill increases to level 1!
Your Polearms skill increases to level 1!
Your Staves skill increases to level 1!
Your Slings skill increases to level 1!
Your Bows skill increases to level 1!
Your Crossbows skill increases to level 1!
Your Throwing skill increases to level 1!
Your Armour skill increases to level 1!
Your Stealth skill increases to level 1!
Your Shields skill increases to level 1!
Your Evocations skill increases to level 1!
You have reached level 4!
You feel stronger.
Your ball python looks stronger.
Okay, then.
Unknown command.
You are suddenly yanked towards a nearby monster!
Your surroundings suddenly seem different.
An orc priest comes into view. It is wielding a falchion.
The orc priest shouts!
You hear a shout!
A leopard gecko comes into view.
The leopard gecko hisses angrily.
Found a ration.
Unknown command.
You closely miss the leopard gecko. The leopard gecko closely misses you.
You closely miss the leopard gecko.
Your transformation is almost over.
The leopard gecko misses you.
You hit the leopard gecko but do no damage.
You are suddenly yanked towards some nearby monsters!
Your surroundings suddenly seem different. 2 orcs and an orc priest come into view.
Found a scroll labeled PEF CUGANU.
Unknown command.
The orc shouts!
The orc priest shouts!
You bite the orc!
You kill the orc!
You hit the orc priest but do no damage.
The orc priest is poisoned.
The orc priest invokes the aid of Beogh against you.
You barely resist. You hit the orc priest.
The orc priest looks as sick as possible!
The orc priest is moderately wounded.
You hit the orc priest.
The orc priest is severely wounded.
The orc priest miscasts a cantrip.
You hit the orc priest but do no damage.
The orc priest looks as sick as possible!
The orc priest is severely wounded.
The orc misses you.
You bite the orc priest!
You kill the orc priest!
Your Conjurations skill increases to level 1!
Your Hexes skill increases to level 1!
Your Charms skill increases to level 1!
Your Summonings skill increases to level 1!
Your Necromancy skill increases to level 1!
Your Translocations skill increases to level 1!
Your Fire Magic skill increases to level 1!
Your Ice Magic skill increases to level 1!
Your Air Magic skill increases to level 1!
Your Earth Magic skill increases to level 1!
Your Poison Magic skill increases to level 1!
The orc closely misses you.
You hit the orc priest but do no damage.
The orc priest is poisoned.
Your transformation has ended.
Your +0 robe unmelds from your body.
The orc priest looks satisfied for a moment.
The orc hits you with a falchion.
* * * LOW HITPOINT WARNING * * *
You barely miss the orc priest.
The orc priest hits you with a falchion.
* * * LOW HITPOINT WARNING * * *
Casting: Sticks to Snakes
Confirm with . or Enter, or press ? or * to list all spells.
You turn into a venomous arachnid creature.
Your +0 robe melds into your body.
The orc completely misses you.
The orc priest hits you with a falchion.
* * * LOW HITPOINT WARNING * * *
You hit the orc priest but do no damage.
The orc priest looks as sick as possible!
The orc completely misses you.
The orc priest hits you with a falchion!
You die...

#........?# .
#.#.#.#.#.# ##.
#.........# #..
#.#.#.#.#.# #.#
##.........# ..#
#..#.#.#.#.#.##.##
#...)o.....#.....#
#..#s#l#.#.......#
#....o........l..#
#.##.###....#...%#.
# ..# ##########.#
##.# ...# #.# ####
#.# #.# #.#


You could see an orc priest, an orc and a leopard gecko.

Vanquished Creatures
  An orc priest (D:4)
  An adder (D:3)
  An ooze (D:3)
  3 leopard geckos
  An orc (D:4)
  A ball python (D:1)
  A goblin (D:3)
  5 hobgoblins
  2 jackals (D:2)
  2 quokkas
  2 bats
  3 frilled lizards
  2 kobolds (D:1)
25 creatures vanquished.

Vanquished Creatures (collateral kills)
  A bullfrog skeleton (D:4)
  A jackal (D:2)
  A bat (D:2)
  A frilled lizard (D:3)
4 creatures vanquished.

Vanquished Creatures (others)
  4 toadstools (D:1)
4 creatures vanquished.

Grand Total: 33 creatures vanquished

Notes
Turn   | Place    | Note
-------+----------+-------------------------------------------
     0 | D:1      | tidbits the Gnoll Transmuter began the quest for the Orb.
     0 | D:1      | Reached XP level 1. HP: 17/17 MP: 6/6
   101 | D:2      | Reached XP level 2. HP: 23/23 MP: 5/7
   106 | D:2      | Learned a level 2 spell: Sticks to Snakes
   276 | D:3      | Reached skill level 5 in Spellcasting
   276 | D:3      | Reached XP level 3. HP: 17/28 MP: 4/9
   283 | D:3      | Learned a level 3 spell: Spider Form
   326 | D:3      | Reached skill level 1 in Invocations
   358 | D:3      | Noticed Ethylacetat's ghost (amateur DsMo)
   384 | D:4      | Reached skill level 1 in Short Blades
   384 | D:4      | Reached skill level 1 in Long Blades
   384 | D:4      | Reached skill level 1 in Axes
   384 | D:4      | Reached skill level 1 in Maces & Flails
   384 | D:4      | Reached skill level 1 in Polearms
   384 | D:4      | Reached skill level 1 in Staves
   384 | D:4      | Reached skill level 1 in Slings
   384 | D:4      | Reached skill level 1 in Bows
   384 | D:4      | Reached skill level 1 in Crossbows
   384 | D:4      | Reached skill level 1 in Throwing
   384 | D:4      | Reached skill level 1 in Armour
   384 | D:4      | Reached skill level 1 in Stealth
   384 | D:4      | Reached skill level 1 in Shields
   384 | D:4      | Reached skill level 1 in Evocations
   384 | D:4      | Reached XP level 4. HP: 16/34 MP: 4/11
   396 | D:4      | Reached skill level 1 in Conjurations
   396 | D:4      | Reached skill level 1 in Hexes
   396 | D:4      | Reached skill level 1 in Charms
   396 | D:4      | Reached skill level 1 in Summonings
   396 | D:4      | Reached skill level 1 in Necromancy
   396 | D:4      | Reached skill level 1 in Translocations
   396 | D:4      | Reached skill level 1 in Fire Magic
   396 | D:4      | Reached skill level 1 in Ice Magic
   396 | D:4      | Reached skill level 1 in Air Magic
   396 | D:4      | Reached skill level 1 in Earth Magic
   396 | D:4      | Reached skill level 1 in Poison Magic
   400 | D:4      | Slain by an orc priest

Skill      XL: |  1  2  3  4 |
---------------+-------------+-----
Spellcasting   | 5 |  5.1
Invocations    | 1 |  1.3
Short Blades   | 1 |  1.2
Long Blades    | 1 |  1.2
Axes           | 1 |  1.2
Maces & Flails | 1 |  1.2
Polearms       | 1 |  1.2
Staves         | 1 |  1.2
Slings         | 1 |  1.2
Bows           | 1 |  1.2
Crossbows      | 1 |  1.2
Throwing       | 1 |  1.2
Armour         | 1 |  1.2
Stealth        | 1 |  1.2
Shields        | 1 |  1.2
Evocations     | 1 |  1.2
Conjurations   | 1 |  1.0
Hexes          | 1 |  1.0
Charms         | 1 |  1.0
Summonings     | 1 |  1.0
Necromancy     | 1 |  1.0
Translocations | 1 |  1.0
Fire Magic     | 1 |  1.0
Ice Magic      | 1 |  1.0
Air Magic      | 1 |  1.0
Earth Magic    | 1 |  1.0
Poison Magic   | 1 |  1.0
Fighting       | |  2.8
Dodging        | |  4.6
Unarmed Combat | |  6.6
Transmutations | |  3.8

Action                   |  1- 3 |  4- 6 || total
-------------------------+-------+-------++-------
Melee: Unarmed           |    53 |    12 ||    65
       Bite              |     4 |       ||     4
       Headbutt          |     5 |       ||     5
 Cast: Beastly Appendage |    11 |       ||    11
       Sticks to Snakes  |     5 |       ||     5
       Spider Form       |     3 |     1 ||     4
  Use: Scroll            |     8 |       ||     8
 Stab: Sleeping          |     2 |       ||     2
Armor: Robe              |     3 |       ||     3
Dodge: Dodged            |    47 |     6 ||    53

Table legend:
 A = Turns spent in this place as a percentage of turns spent in the entire game.
 B = Non-inter-level travel turns spent in this place as a percentage of non-inter-level travel turns spent in the entire game.
 C = Inter-level travel turns spent in this place as a percentage of turns spent in this place.
 D = Turns resting spent in this place as a percentage of non-inter-level travel turns spent in this place.
 E = Turns spent auto-exploring this place as a percentage of non-inter-level travel turns spent in this place.
 F = Non-inter-level travel turns spent in this place divided by the number of levels of this place that you've seen.
                   A       B       C       D       E      F
               +-------+-------+-------+-------+-------+----------------------
         Total | 100.0 | 100.0 |   0.0 |   0.0 |   0.0 | 100.0
       Dungeon | 100.0 | 100.0 |   0.0 |   0.0 |   0.0 | 100.0
               +-------+-------+-------+-------+-------+----------------------

Table legend:
 A = Kills in this place as a percentage of kills in entire the game.
 B = Kills by you in this place as a percentage of kills by you in the entire game.
 C = Kills by friends in this place as a percentage of kills by friends in the entire game.
 D = Other kills in this place as a percentage of other kills in the entire game.
 E = Experience gained in this place as a percentage of experience gained in the entire game.
 F = Experience gained in this place divided by the number of levels of this place that you have seen.
                   A       B       C       D       E      F
               +-------+-------+-------+-------+-------+----------------------
         Total | 100.0 | 100.0 | 100.0 |   N/A | 100.0 |  34.5
       Dungeon | 100.0 | 100.0 | 100.0 |   N/A | 100.0 |  34.5
               +-------+-------+-------+-------+-------+----------------------

Vault maps used:
D:1:      ldierk_water_garden
D:2:      grunt_qazlal_sundering, minmay_misc_feat_tower
D:3:      amethyst_overflow_temple_binary
D:4:      overflow_temple_1_default, serial_shops, shop, nicolae_shop_trees,
          first_ration, serial_co_window_serial, co_window_paths_a,
          co_window_corner_a, co_window_corner_a, co_window_corner_a,
          co_window_corner_a, co_window_of_opportunity_a, co_window_corner_b,
          co_window_2corner, co_window_paths_c, co_window_corner_b,
          co_window_broadway_a, co_window_sun, glass_columns_a, glass_columns_b,
          glass_columns_a, glass_columns_c, glass_columns_a
